 Dungeon Crawl Stone Soup version 0.21.1-1-g345015fe64 (webtiles) character file.

2015 JOKERXD40 the Cleaver (level 9, 0/78 HPs)
             Began as a Hill Orc Fighter on June 19, 2018.
             Was a Follower of Beogh.
             Slain by an unseen horror (8 damage)
             ... on level 7 of the Dungeon.
             The game lasted 00:18:35 (4797 turns).

JOKERXD40 the Cleaver (Hill Orc Fighter)            Turns: 4797, Time: 00:18:36

Health: 0/78       AC: 13    Str: 22    XL:     9   Next: 22%
Magic:  9/9        EV:  8    Int:  8    God:    Beogh [*.....]
Gold:   288        SH:  0    Dex: 10    Spells: 8/8 levels left

rFire    + . .     SeeInvis .   E - +0 battleaxe (freeze)
rCold    x . .     Gourm    .   (shield currently unavailable)
rNeg     . . .     Faith    .   n - +0 chain mail
rPois    +         Spirit   .   (no helmet)
rElec    .         Reflect  .   p - +2 cloak {rPois}
rCorr    .         Harm     .   (no gloves)
MR       .....                  (no boots)
Stlth    ..........             (no amulet)
HPRegen  0.23/turn              b - ring of fire
MPRegen  0.11/turn              (no ring)

@: no status effects
A: no striking features
a: Renounce Religion


You were on level 7 of the Dungeon.
You worshipped Beogh.
Beogh was aware of your devotion.
You were not hungry.

You visited 2 branches of the dungeon, and saw 8 of its levels.
You also visited: Sewer.

You collected 288 gold pieces.

Inventory:

Hand Weapons
 a - a +0 war axe
 c - a +3 battleaxe of freezing
 o - a +0 broad axe
 E - a +0 battleaxe of freezing (weapon)
Armour
 d - a scarf of cloud immunity
 n - a +0 chain mail (worn)
 p - a +2 cloak of poison resistance (worn)
Magical Staves
 t - an uncursed staff of power
Jewellery
 b - a ring of fire (left hand)
Wands
 m - a wand of clouds (4)
 u - a wand of iceblast (10)
 z - a wand of paralysis (12)
Scrolls
 g - 6 scrolls of teleportation
 i - a scroll of fog {unknown}
 j - 4 scrolls of identify
 l - 4 scrolls of fear {unknown}
 s - a scroll of enchant armour {unknown}
 v - 4 scrolls of remove curse
 w - a scroll of noise {unknown}
 y - a scroll of amnesia {unknown}
 A - a scroll of blinking {unknown}
 D - a scroll of immolation {unknown}
Potions
 e - a potion of agility {unknown}
 h - a potion of heal wounds
 k - a potion of cancellation {unknown}
 q - 3 potions of flight {unknown}
 r - 5 potions of curing {unknown}
 x - a potion of ambrosia {unknown}
 B - a potion of mutation {unknown}
Books
 C - a book of Maledictions

   Spells                             Type                      Level
   a - Corona                         Hexes                        1
   b - Ensorcelled Hibernation        Hexes/Ice                    2
   c - Confuse                        Hexes                        3
   d - Tukima's Dance                 Hexes                        3
   e - Dazzling Spray                 Conjuration/Hexes            3
Comestibles
 f - 8 rations


   Skills:
 + Level 6.5 Fighting
 + Level 10.1 Axes
 + Level 0.1 Throwing
 + Level 6.3 Armour
 + Level 1.6 Dodging
 + Level 0.5 Stealth
   Level 6.8 Shields


You had 8 spell levels left.
You didn't know any spells.

Dungeon Overview and Level Annotations

Branches:
Dungeon (7/15)             Temple (1/1) D:5

Altars:
Cheibriados
Dithmenos
Elyvilon
Fedhas
Gozag
Hepliaklqana
Kikubaaqudgha
Makhleb
Nemelex Xobeh
Okawaru
Qazlal
Ru
Trog
Uskayaw
Vehumet
Wu Jian
Xom
Yredelemnul
Zin
The Shining One

Shops:
D:4 }


Message History

You closely miss something. Something hits you!
* * * LOW HITPOINT WARNING * * *
Something hits you but does no damage. Something hits you!
* * * LOW HITPOINT WARNING * * *
You slice something!! You freeze something!
Something hits you but does no damage. x2
You feel much better. Something completely misses you. Something hits you.
* * * LOW HITPOINT WARNING * * *
You barely miss something.
Something hits you but does no damage. x2
You closely miss something. Something hits you but does no damage.
You miss something. Something hits you but does no damage.
Something hits you but does no damage.
You miss something. Something hits you but does no damage. Something hits you.
* * * LOW HITPOINT WARNING * * *
Something hits you.
* * * LOW HITPOINT WARNING * * *
Something hits you but does no damage. Something hits you!
* * * LOW HITPOINT WARNING * * *
You completely miss something. Something hits you!
You die...

#.##........#
#...........#
####........#
<...........#
#..#.#####'#########
..a.................
#.##.###.#....######
# . ..
#.#....######.# . #
#....'†@....#
##...######## #.....
#...... #.......
#........ #........#
#..$.....#


There were no monsters in sight!

Vanquished Creatures
  Prince Ribbit (D:5)
  Eustachio (D:4)
  An ice beast (D:5)
  2 orc warriors (D:7)
  2 phantoms (D:4)
  A sky beast (D:5)
  A centaur (D:5)
  An ogre (D:6)
  A big kobold (Sewer)
  A bullfrog (D:6)
  3 wights (D:7)
  A crimson imp (D:6)
  A jelly (D:7)
  2 orc priests (D:7)
  4 hounds
  Crazy Yiuf (D:2)
  3 iguanas
  2 orc wizards
  3 worker ants
  7 adders
  2 river rats (Sewer)
  An ooze (D:1)
  An adder skeleton (D:4)
  A worm (D:4)
  4 dart slugs
  8 leopard geckos
  24 orcs
  10 giant cockroaches
  9 hobgoblins
  15 jackals
  3 quokkas
  2 ball pythons
  4 bats
  6 frilled lizards
  9 goblins
  A jackal zombie (D:6)
  14 kobolds
  A leopard gecko skeleton (D:5)
  A quokka skeleton (D:6)
  11 rats
166 creatures vanquished.

Notes
Turn   | Place    | Note
-------+----------+-------------------------------------------
     0 | D:1      | JOKERXD40 the Hill Orc Fighter began the quest for the Orb.
     0 | D:1      | Reached XP level 1. HP: 19/19 MP: 1/1
    34 | D:1      | Reached XP level 2. HP: 8/27 MP: 2/2
   316 | D:1      | Reached XP level 3. HP: 27/33 MP: 3/3
   504 | D:1      | Reached skill level 3 in Axes
   575 | D:2      | Reached XP level 4. HP: 40/40 MP: 4/4
   760 | D:2      | Reached skill level 4 in Axes
   760 | D:2      | Reached XP level 5. HP: 32/46 MP: 5/5
   958 | D:2      | Found a bloodstained altar of Trog.
  1036 | D:2      | Found a runed door.
  1040 | D:2      | Noticed Crazy Yiuf
  1046 | D:2      | Killed Crazy Yiuf
  1130 | D:3      | Found a stormy altar of Qazlal.
  1322 | D:3      | Reached skill level 5 in Axes
  1332 | D:3      | Found a glowing drain.
  1343 | D:3      | Reached XP level 6. HP: 52/52 MP: 6/6
  1350 | Sewer    | Entered a sewer
  1471 | Sewer    | Found a white marble altar of Elyvilon.
  1865 | D:4      | Noticed a phantom
  1899 | D:4      | Killed a phantom
  1899 | D:4      | Reached skill level 5 in Armour
  1899 | D:4      | Reached skill level 5 in Shields
  1899 | D:4      | Reached XP level 7. HP: 50/60 MP: 7/7
  1903 | D:4      | Reached skill level 1 in Dodging
  2056 | D:4      | Reached skill level 6 in Axes
  2074 | D:4      | Found Guysump's Gadget Shop.
  2098 | D:4      | Noticed Eustachio
  2120 | D:4      | Killed Eustachio
  2202 | D:4      | Reached skill level 5 in Fighting
  2202 | D:4      | Reached skill level 7 in Axes
  2265 | D:4      | Became a worshipper of Beogh the Brigand
  2267 | D:4      | Found a blossoming altar of Fedhas.
  2426 | D:5      | Entered Level 5 of the Dungeon
  2483 | D:5      | Found a staircase to the Ecumenical Temple.
  2489 | Temple   | Entered the Ecumenical Temple
  2668 | D:5      | Reached XP level 8. HP: 60/68 MP: 8/8
  2866 | D:5      | Reached skill level 8 in Axes
  3205 | D:5      | Found an ancient bone altar of Kikubaaqudgha.
  3262 | D:5      | Noticed Prince Ribbit
  3285 | D:5      | Killed Prince Ribbit
  3625 | D:6      | Found a sacrificial altar of Ru.
  3737 | D:6      | Found a burning altar of Makhleb.
  3855 | D:6      | Reached skill level 9 in Axes
  3865 | D:6      | Found a glowing golden altar of the Shining One.
  3871 | D:6      | Found a snail-covered altar of Cheibriados.
  3871 | D:6      | Found a stormy altar of Qazlal.
  4464 | D:6      | Found a radiant altar of Vehumet.
  4493 | D:7      | Reached * piety under Beogh
  4493 | D:7      | Reached XP level 9. HP: 71/75 MP: 9/9
  4668 | D:7      | Reached skill level 10 in Axes
  4724 | D:7      | Found a shimmering altar of Xom.
  4787 | D:7      | HP: 2/78 [something (8)]
  4797 | D:7      | Slain by an unseen horror

Skill      XL: |  1  2  3  4  5  6  7  8  9 |
---------------+----------------------------+-----
Armour         | 4 5 6 |  6.3
Axes           | 3 4 5 7 9 10 | 10.1
Fighting       | 4 5 6 |  6.5
Shields        | 4 5 6 |  6.8
Dodging        | 1 |  1.6
Throwing       | |  0.1
Stealth        | |  0.5

Action                   |  1- 3 |  4- 6 |  7- 9 || total
-------------------------+-------+-------+-------++-------
Melee: War axe           |    94 |   250 |   221 ||   565
       Staff             |       |       |     6 ||     6
       Broad axe         |       |       |    23 ||    23
       Battleaxe         |       |       |    30 ||    30
Throw: Tomahawk          |       |       |     2 ||     2
Invok: Convert to Beogh  |       |       |     1 ||     1
  Use: Scroll            |       |       |     5 ||     5
       Potion            |       |       |     3 ||     3
  Eat: Chunk             |       |     3 |     4 ||     7
       Ration            |       |       |     2 ||     2
Armor: Scale mail        |    38 |    15 |       ||    53
       Chain mail        |       |   150 |   199 ||   349
Dodge: Dodged            |    30 |    77 |    73 ||   180
Block: Shield            |    68 |   147 |   148 ||   363
